 Dungeon Crawl Stone Soup version 0.30-a0-782-ge64f9170bb (webtiles) character file.

Game seed: 7937422089718142978

211 Jane the Shield-Bearer (level 5, -4/52 HPs)
             Began as a Troll Fighter on Feb 27, 2023.
             Slain by an ice beast (13 damage)
             ... on level 5 of the Dungeon.
             The game lasted 00:17:13 (4045 turns).

Jane the Shield-Bearer (Troll Fighter)              Turns: 4045, Time: 00:17:13

Health: -4/52      AC:  4    Str: 24    XL:     5   Next: 57%
Magic:  4/4        EV:  9    Int:  4    God:
Gold:   189        SH:  9    Dex: 11    Spells: 4/4 levels left

rFire   . . .      SeeInvis .    k - +2 dagger (speed)
rCold   . . .      Faith    .    c - +1 kite shield
rNeg    . . .      Spirit   .    b - +0 robe
rPois   .          Reflect  .    (helmet restricted)
rElec   .          Harm     .    f - scarf {repulsion}
rCorr   .          Rampage  .    (gloves unavailable)
Will    .....                    (boots unavailable)
Stlth   +                        i - amulet of regeneration
HPRegen 1.88/turn                (no ring)
MPRegen 0.09/turn                (no ring)

@: mighty, repel missiles
A: large, unfitting armour, claws 3, regeneration 1, shaggy fur 1, tough skin 1
a: no special abilities


You were on level 5 of the Dungeon.
You visited 1 branch of the dungeon, and saw 5 of its levels.

You collected 189 gold pieces.

Inventory:

Hand Weapons
 a - a +0 rapier
 k - a +2 dagger of speed (weapon)
 p - a +2 dagger of venom
Missiles
 g - a throwing net (quivered)
Armour
 b - a +0 robe (worn)
 c - a +1 kite shield (worn)
 f - a scarf of repulsion (worn)
 v - a +1 cloak
Jewellery
 i - an amulet of regeneration (around neck)
Wands
 q - a wand of polymorph (11)
 w - a wand of flame (14)
Scrolls
 e - 2 scrolls of enchant armour
 j - 3 scrolls of magic mapping
 m - a scroll of fog
 u - a scroll of brand weapon
 x - 2 scrolls of noise
Potions
 d - a potion of might
 h - a potion of brilliance
 z - a potion of ambrosia


   Skills:
 + Level 2.8 Fighting
 + Level 3.1 Short Blades
 + Level 3.2 Dodging
 + Level 0.1 Stealth
 + Level 3.7 Shields
 + Level 0.3 Unarmed Combat


You had 4 spell levels left.
You didn't know any spells.
Your spell library contained the following spells:

 Spells                   Type           Power      Damage    Failure   Level
 Sting                    Tmut/Pois      0%         1d3       80%         1
 Ensorcelled Hibernation  Hex/Ice        0%         N/A       90%         2
 Passwall                 Tmut/Erth      0%         N/A       90%         2
 Poisonous Vapours        Pois/Air       0%         N/A       90%         2
 Swiftness                Air            0%         N/A       99%         3
 Olgreb's Toxic Radiance  Pois           0%         N/A       100%        4


Dungeon Overview and Level Annotations

Branches:
Dungeon (5/15)
 Temple: D:4-7

Altars:
Sif Muna
Xom
Zin


Innate Abilities, Weirdness & Mutations

You are too large for most types of armour.
You have claws for hands.
Your natural rate of healing is unusually fast.
You are covered in fur. (AC +1)
You have tough skin. (AC +1)


Message History

The ice beast is heavily wounded.
The ice beast barely misses you.
You hit the ice beast but do no damage.
The ice beast is heavily wounded.
The ice beast barely misses you.
You barely miss the ice beast.
The ice beast is heavily wounded.
You hit the ice beast but do no damage.
The ice beast is heavily wounded.
The ice beast closely misses you.
You hit the ice beast but do no damage.
The ice beast is moderately wounded.
You hit the ice beast.
The ice beast is heavily wounded.
The ice beast hits you. The ice beast freezes you.
You hit the ice beast but do no damage.
The ice beast is heavily wounded.
The ice beast closely misses you.
You closely miss the ice beast.
The ice beast is heavily wounded.
You hit the ice beast.
The ice beast is heavily wounded.
The ice beast hits you. The ice beast freezes you!
You hit the ice beast but do no damage.
The ice beast is heavily wounded.
The ice beast hits you. The ice beast freezes you!
* * * LOW HITPOINT WARNING * * *
You closely miss the ice beast.
The ice beast is heavily wounded.
You feel very mighty all of a sudden. The ice beast hits you.
* * * LOW HITPOINT WARNING * * *
The ice beast freezes you.
* * * LOW HITPOINT WARNING * * *
You hit the ice beast.
The ice beast is severely wounded.
The ice beast hits you.
* * * LOW HITPOINT WARNING * * *
The ice beast freezes you!
You die...

####
...
#.##
#.<#
##.#
###Y###
#..@..#
#.._..#
#.###.#
###$###
##$$$##
#$$$#
#####


You could see an ice beast.

Vanquished Creatures
  An orc priest (D:3)
  Crazy Yiuf (D:3)
  Terence (D:3)
  Natasha (D:3)
  An adder (D:4)
  5 worms
  A dart slug (D:1)
  4 orcs (D:3)
  4 endoplasms
  7 giant cockroaches
  6 goblins
  6 hobgoblins
  3 jackals (D:2)
  9 quokkas
  6 ball pythons
  5 bats
  4 frilled lizards
  4 kobolds
  3 rats
72 creatures vanquished.

Notes
Turn   | Place    | Note
-------+----------+-------------------------------------------
     0 | D:1      | Jane the Troll Fighter began the quest for the Orb.
     0 | D:1      | Reached XP level 1. HP: 22/22 MP: 0/0
   287 | D:1      | Reached XP level 2. HP: 29/29 MP: 1/1
  1510 | D:2      | Reached XP level 3. HP: 36/36 MP: 2/2
  1757 | D:2      | Found a shimmering blue altar of Sif Muna.
  2277 | D:3      | Found a shimmering altar of Xom.
  2391 | D:3      | Noticed Terence
  2413 | D:3      | Killed Terence
  2414 | D:3      | Reached XP level 4. HP: 40/44 MP: 3/3
  2661 | D:3      | Found a runed translucent door.
  2662 | D:3      | Noticed Crazy Yiuf
  3103 | D:3      | Killed Crazy Yiuf
  3500 | D:3      | Reached XP level 5. HP: 27/50 MP: 4/4
  3611 | D:3      | Noticed Natasha
  3629 | D:3      | Killed Natasha
  4006 | D:4      | Noticed a steam dragon
  4015 | D:5      | Entered Level 5 of the Dungeon
  4015 | D:5      | Noticed an ice beast
  4017 | D:5      | Found a glowing silver altar of Zin.
  4045 | D:5      | Slain by an ice beast

Illustrated notes

Levels and vault maps discovered:
D:1:      beargit_arrival_greenhouse, layout_basic, grunt_decor_junction
D:2:      layout_basic, basic_altar
D:3:      layout_loops_ring, tgw_xom, uniq_terence, uniq_crazy_yiuf_cottage,
          uniq_natasha
D:4:      layout_cave_pods
D:5:      layout_basic, zin_treasury, serial_shops, shop, uniq_grinder,
          uniq_prince_ribbit1

Skill      XL: |  1  2  3  4  5 |
---------------+----------------+-----
Shields        | 3 |  3.7
Short Blades   | 2 3 |  3.1
Dodging        | 3 |  3.2
Fighting       | |  2.8
Stealth        | |  0.1
Unarmed Combat | |  0.3

Action                     |  1- 3 |  4- 6 || total
---------------------------+-------+-------++-------
  Melee: Rapier            |    82 |       ||    82
         Dagger            |   191 |   185 ||   376
         Unarmed           |    13 |       ||    13
    Use: Scroll            |       |    13 ||    13
         Potion            |       |     5 ||     5
   Stab: Sleeping          |     1 |       ||     1
 Armour: Robe              |    83 |    25 ||   108
  Dodge: Dodged            |   114 |    35 ||   149
  Block: Kite shield       |   104 |    60 ||   164

Table legend: (Time is in decaauts)
 A = Elapsed time spent in this place.
 B = Non-inter-level travel time spent in this place.
 C = Inter-level travel time spent in this place.
 D = Time resting spent in this place.
 E = Time spent auto-exploring this place.
 F = Levels seen in this place.
 G = Mean time per level.
                   A        B        C        D        E       F      G
               +--------+--------+--------+--------+--------+-----+--------+
         Total |   3923 |   3085 |    838 |    170 |   1262 |   5 |  784.6 |
       Dungeon |   3923 |   3085 |    838 |    170 |   1262 |   5 |  784.6 |
               +--------+--------+--------+--------+--------+-----+--------+

Top non-repeatable levels by time:
     D:3: 1606 daAuts
     D:1: 1410 daAuts
     D:2: 737 daAuts
     D:4: 146 daAuts
     D:5: 21 daAuts
